 Dungeon Crawl Stone Soup version 0.31-a0-667-g39726597b9 (webtiles) character file.

Game seed: 3483585593125131651

42 night the Ruffian (level 3, 0/18 HPs)
             Began as a Vine Stalker Shapeshifter on Sept 3, 2023.
             Slain by an ogre
             ... wielding a +0 giant club
              (18 damage)
             ... on level 2 of the Dungeon.
             The game lasted 00:03:27 (1330 turns).

night the Ruffian (Vine Stalker Shapeshifter)       Turns: 1330, Time: 00:03:28

Health: 0/18       AC:  2    Str: 18    XL:     3   Next: 56%
Magic:  0/4        EV: 12    Int: 10    God:
Gold:   56         SH:  0    Dex: 13    Spells: 2/2 levels left

rFire   . .          .
                       - Unarmed
rCold   + . .        (no shield)
rNeg    . . .        a - +0 animal skin
rPois   .            (helmet currently unavailable)
rElec   .            e - melded +0 cloak
rCorr   .            (gloves currently unavailable)
SInv    +            (boots currently unavailable)
Will    .....        (no amulet)
Stlth   +            g - ring of protection from cold
HPRegen 1.03/turn    h - ring of see invisible
MPRegen 0.09/turn

%: guardian spirit
@: beast-form
A: beast (slay +1), fangs 2, regeneration 1, magic shield, antimagic bite, no
potion heal 2
a: Begin Untransformation


You were on level 2 of the Dungeon.
You were a hulking beast.
You visited 1 branch of the dungeon, and saw 2 of its levels.

You collected 80 gold pieces.
You spent 24 gold pieces at shops.

Inventory:

Missiles
 n - 7 stones
 p - 4 boomerangs
Armour
 a - a +0 animal skin (worn)
 e - a +0 cloak (melded)
Jewellery
 g - a ring of protection from cold (left hand)
 h - a ring of see invisible (right hand)
Talismans
 c - a beast talisman (active)
 d - a flux talisman
Scrolls
 f - a scroll of silence
 i - a scroll of brand weapon {unknown}
 j - 2 scrolls of teleportation
 k - 2 scrolls of torment
 o - a scroll of blinking {unknown}
 r - a scroll of amnesia {unknown}
Potions
 b - a potion of lignification
 l - a potion of degeneration {unknown}
 m - a potion of might {unknown}
 q - a potion of cancellation {unknown}


   Skills:
 + Level 1.5 Fighting
 - Level 1.5 Dodging
 * Level 3.8 Unarmed Combat
 + Level 3.3 Shapeshifting


You had 2 spell levels left.
You didn't know any spells.
Your spell library contained the following spells:

 Spells                   Type           Power      Damage    Failure   Level
 Tukima's Dance           Hex            0%         N/A       75%         3
 Passage of Golubria      Tloc           0%         N/A       98%         4
 Yara's Violent Unravell  Hex/Tmut       0%         3d3       100%        5


Dungeon Overview and Level Annotations

Branches:
Dungeon (2/15)

Altars:

Shops:
D:2 ?


Innate Abilities, Weirdness & Mutations

You are a hulking beast.
Your limbs bulge with bestial killing power. (Slay +1)
You have extremely sharp teeth.
Your natural rate of healing is unusually fast.
When hurt, damage is shared between your health and your magic reserves.
Your bite disrupts and absorbs the magic of your enemies.
Potions cannot restore your health.


Message History

The hobgoblin is heavily wounded.
The hobgoblin hits you.
You hit the hobgoblin.
You kill the hobgoblin!
No target in view!
g - a ring of protection from cold
g - a ring of protection from cold (left hand)
h - a ring of see invisible (right hand)
q - a dark potion
There is a fountain of clear blue water here.
There is a fountain of clear blue water here.
As you open the door, it creaks loudly!
Found a stone staircase leading down.
There is an open door here.
There is a stone staircase leading down here.
r - a scroll labelled JILACAH VOTORO A rat comes into view.
The rat bites you.
You barely miss the rat. You punch the rat, but do no damage.
The rat closely misses you.
You closely miss the rat. The rat bites you.
You hit the rat but do no damage. The rat closely misses you.
You hit the rat.
You kill the rat!
No target in view!
A rat comes into view.
You punch the rat!
You kill the rat!
No target in view!
An ogre and an adder come into view.
The adder hisses angrily.
The ogre misses you.
You punch the ogre! You bite the ogre. You drain its power.
The ogre is heavily wounded.
You hit the ogre but do no damage.
The ogre is heavily wounded.
The adder barely misses you.
The ogre hits you with a +0 giant club!!
Ouch! That really hurt!
You die...

#+######..#..## #.####........
#.#...#..###..######+.'∩#...)....
#.#.#...## ##.........###.#######
.......## ######........'....>#
###.#.## #........#####.# #....##
#........# ###.# #...## ##
############...# #.### ##O##
##..### .. ##.#h# #..## ##
##.#.#S# #.## # ##.#.#.#.# ##.#
##.#.##..#.# ### #..# ##.#.##
.#.## ##.####.## ##.#.## #.##
##...##..# ##.#.## # ##.#.....##
##.#.## ##.#.####.# #.#.##
##.#.## #.#


You could see an ogre and an adder.

Vanquished Creatures
  A dart slug (D:2)
  6 ball pythons (D:1)
  3 endoplasms
  8 goblins
  3 hobgoblins
  A quokka (D:1)
  4 bats
  2 frilled lizards (D:1)
  5 kobolds
  2 rats (D:2)
35 creatures vanquished.

Notes
Turn   | Place    | Note
-------+----------+-------------------------------------------
     0 | D:1      | night the Vine Stalker Shapeshifter began the quest for the
                  | Orb.
     0 | D:1      | Reached XP level 1. HP: 9/9 MP: 2/2
    64 | D:1      | Reached skill level 1 in Fighting
   227 | D:1      | Reached XP level 2. HP: 14/14 MP: 3/3
   524 | D:1      | Found a faded altar of an unknown god.
   583 | D:1      | Reached XP level 3. HP: 18/18 MP: 4/4
  1153 | D:2      | Found Nynnaoco's Magic Scroll Boutique.
  1165 | D:2      | Bought a scroll of identify for 24 gold pieces
  1328 | D:2      | Noticed an ogre
  1330 | D:2      | Slain by an ogre

Illustrated notes

Levels and vault maps discovered:
D:1:      dpeg_arrival_pits, layout_basic, shapermc_ecumenical_altar_notcrosses
D:2:      minmay_inner_zag, layout_basic, serial_shops, nicolae_shop_tiny_glass,
          grunt_ministairs_2

Skill      XL: |  1 |
---------------+----+-----
Fighting       | 1 |  1.5
Dodging        | |  1.5
Unarmed Combat | |  3.8
Shapeshifting  | |  3.3

Action                     || total
---------------------------++-------
  Melee: Unarmed           ||    76
         Bite              ||    11
         Punch             ||     2
Ability: Begin Untransform ||     1
    Use: Scroll            ||     3
   Stab: Sleeping          ||     1
 Armour: Animal skin       ||    34
  Dodge: Dodged            ||    46
   Form: Beast             ||     1

Table legend: (Time is in decaauts)
 A = Elapsed time spent in this place.
 B = Non-inter-level travel time spent in this place.
 C = Inter-level travel time spent in this place.
 D = Time resting spent in this place.
 E = Time spent auto-exploring this place.
 F = Levels seen in this place.
 G = Mean time per level.
                   A        B        C        D        E       F      G
               +--------+--------+--------+--------+--------+-----+--------+
         Total |   1326 |   1309 |     17 |      0 |   1055 |   2 |  663.0 |
       Dungeon |   1326 |   1309 |     17 |      0 |   1055 |   2 |  663.0 |
               +--------+--------+--------+--------+--------+-----+--------+

Top non-repeatable levels by time:
     D:1: 793 daAuts
     D:2: 533 daAuts
